 Dungeon Crawl Stone Soup version 0.28-a0-407-g69098e2f6d (webtiles) character file.

Game seed: 3814981037081503319

2817 bearlyready the Carver (level 9, -1/74 HPs)
             Began as a Gnoll Cinder Acolyte on Sept 6, 2021.
             Was a High Priest of Ignis.
             Slain by a cyclops (11 damage)
             ... on level 6 of the Dungeon.
             The game lasted 00:17:03 (9095 turns).

bearlyready the Carver (Gnoll Cinder Acolyte)       Turns: 9095, Time: 00:17:03

Health: -1/74      AC: 15    Str: 17    XL:     9   Next: 72%
Magic:  17/17      EV:  4    Int: 13    God:    Ignis [*****.]
Gold:   310        SH: 11    Dex:  8    Spells: 18/18 levels left

rFire   + . .      SeeInvis .   a - -1 falchion (flame)
rCold   . . .      Faith    .   i - +3 kite shield
rNeg    . . .      Spirit   .   e - +0 plate armour
rPois   +          Reflect  .   w - +2 hat
rElec   .          Harm     .   (no cloak)
rCorr   +          Rampage  .   d - +0 pair of gloves
Will    .....                   (no boots)
Stlth   ..........              (no amulet)
HPRegen 0.22/turn               x - ring of poison resistance
MPRegen 0.15/turn               u - ring of resist corrosion

@: brilliant, unable to read
A: fangs 1, strong nose, distributed training, mutation resistance 1, inability
to read while threatened
a: Renounce Religion, Sea of Fire, Foxfire Swarm, Rising Flame


You were on level 6 of the Dungeon.
You worshipped Ignis.
Ignis was extremely pleased with you.
You visited 1 branch of the dungeon, and saw 7 of its levels.

You collected 310 gold pieces.

Inventory:

Hand Weapons
 a - a -1 falchion of flaming (weapon)
 b - a +0 hunting sling
 m - a +1 spear of freezing
 p - a +0 morningstar
 C - a +0 scimitar
Missiles
 f - 172 stones
 k - 18 sling bullets
 s - 41 poisoned darts (quivered)
 v - 4 boomerangs
Armour
 d - a +0 pair of gloves (worn)
 e - a +0 plate armour (worn)
 i - a +3 kite shield (worn)
 w - a +2 hat (worn)
 D - a +0 helmet
Jewellery
 t - a ring of fire
 u - a ring of resist corrosion (right hand)
 x - a ring of poison resistance (left hand)
Wands
 F - a wand of polymorph (7)
Scrolls
 c - 5 scrolls of identify
 g - 3 scrolls of teleportation
 h - 3 scrolls of enchant weapon {unknown}
 j - 3 scrolls of enchant armour
 n - a scroll of fear {unknown}
 o - a scroll of blinking {unknown}
 r - a scroll of summoning {unknown}
 y - a scroll of immolation {unknown}
 A - 2 scrolls of magic mapping {unknown}
 E - a scroll of holy word {unknown}
Potions
 l - a potion of magic
 z - 2 potions of attraction


   Skills:
 + Level 8.0 Fighting
 + Level 4.5 Short Blades
 + Level 8.0 Long Blades
 + Level 4.5 Axes
 + Level 4.5 Maces & Flails
 + Level 4.5 Polearms
 + Level 4.5 Staves
 + Level 4.5 Slings
 + Level 4.5 Bows
 + Level 4.5 Crossbows
 + Level 4.5 Throwing
 + Level 4.5 Armour
 + Level 4.5 Dodging
 + Level 4.5 Stealth
 + Level 4.5 Shields
 + Level 4.5 Unarmed Combat
 + Level 5.4 Spellcasting
 + Level 3.7 Conjurations
 + Level 3.7 Hexes
 + Level 3.7 Summonings
 + Level 3.7 Necromancy
 + Level 3.7 Translocations
 + Level 3.7 Transmutations
 + Level 6.7 Fire Magic
 + Level 3.7 Ice Magic
 + Level 3.7 Air Magic
 + Level 3.7 Earth Magic
 + Level 3.7 Poison Magic
 + Level 5.0 Invocations
 + Level 4.5 Evocations


You had 18 spell levels left.
You didn't know any spells.
Your spell library contained the following spells:

 Spells                   Type           Power      Damage    Failure   Level
 Scorch                   Fire           62%        2d8       96%         2
 Sting                    Tmut/Pois      76%        1d6       100%        1
 Poisonous Vapours        Pois/Air       38%        N/A       100%        2
 Conjure Flame            Conj/Fire      25%        6-21      100%        3
 Ignite Poison            Fire/Tmut/Pois 23%        N/A       100%        3
 Ozocubu's Armour         Ice            19%        N/A       100%        3
 Olgreb's Toxic Radiance  Pois           19%        N/A       100%        4
 Sticky Flame             Conj/Fire      25%        2d5       100%        4
 Ozocubu's Refrigeration  Ice            9%         4d6       100%        7


Dungeon Overview and Level Annotations

Branches:
Dungeon (7/15)             Temple (0/1) D:5

Altars:
Qazlal
Xom
Zin

Annotations:
D:7 Maggie


Innate Abilities, Weirdness & Mutations

You have very sharp teeth.
Your uncanny sense of smell can sniff out nearby items.
Your experience applies equally to all skills.
You are somewhat resistant to further mutation.
You sometimes lose the ability to read scrolls when taking damage.


Message History

You block the cyclops's attack.
You hit the cyclops. You burn the cyclops.
The cyclops is heavily wounded.
You hit the cyclops but do no damage. You bite the cyclops, but do no damage.
The cyclops is heavily wounded.
The cyclops hits you!!
You feel threatened and lose the ability to read scrolls!
You hit the cyclops but do no damage.
The cyclops is heavily wounded.
You block the cyclops's attack.
Throw: 44 darts (poison)
Press: ? - help, Q - select action, (/) - cycle Shift-Dir - straight line, f - cyclops
Aim: a cyclops, quivering large rocks (heavily wounded, 86% to hit)
You throw a poisoned dart. The poisoned dart hits the cyclops.
The cyclops is poisoned.
The cyclops is heavily wounded.
The cyclops hits you.
* * * LOW HITPOINT WARNING * * *
Throw: 43 darts (poison)
Press: ? - help, Q - select action, (/) - cycle Shift-Dir - straight line, f/p - cyclops
Aim: a cyclops, quivering large rocks (heavily wounded, poisoned, 86% to hit)
You throw a poisoned dart. The poisoned dart hits the cyclops!
The cyclops looks even sicker.
The cyclops is heavily wounded.
Throw: 42 darts (poison)
Press: ? - help, Q - select action, (/) - cycle Shift-Dir - straight line, f/p - cyclops
Aim: a cyclops, quivering large rocks (heavily wounded, very poisoned, 85% to hit)
You throw a poisoned dart. The poisoned dart hits the cyclops!
The cyclops looks as sick as possible!
The cyclops is heavily wounded.
The cyclops completely misses you.
Okay, then.
You hit the cyclops but do no damage.
The cyclops is heavily wounded.
The cyclops hits you!
* * * LOW HITPOINT WARNING * * *
It was a potion of brilliance.
You feel clever all of a sudden. The cyclops hits you!
You die...

#.# ## ### #...#
#.#####..#######...#########
#....[.............)...[[...
#.#############....#####.###
#.# ####.# #.# #
#.################.# #.# #
#......#.........#.#####.###
#>.......#######............
##.....###.@C..###.#####.###
#.....##..###..##.# #.# #
#.....##.8#.#8C##.# #.# #
#.....##'##[##'##.# #.# #
#..)..#...')#..8#.#####'###
#.....#8..#.#...((#........
#.....##'##.##'##.'........
#.....##.8#[#8)####........
#.....##..###..# #........


You could see a cyclops (extremely poisoned).

Vanquished Creatures
  An ugly thing (D:6)
  Grinder (D:3)
  An orc warrior (D:6)
  A sky beast (D:7)
  2 black bears
  A centaur (D:5)
  A phantom (D:6)
  5 ogres
  A kobold brigand (D:5)
  A bullfrog (D:6)
  A scorpion (D:5)
  2 water moccasin skeletons
  3 killer bees (D:6)
  2 crimson imps
  3 bullfrog zombies (D:6)
  4 hounds
  2 orc priests
  A bullfrog skeleton (D:5)
  A centaur skeleton (D:4)
  7 iguanas
  3 orc wizards
  A hound skeleton (D:4)
  8 adders
  4 gnolls
  An ufetubus (D:5)
  4 adder skeletons (D:4)
  A worm (D:5)
  2 dart slugs (D:2)
  12 orcs
  6 ball pythons
  8 bats
  5 endoplasms
  3 giant cockroaches
  8 goblins
  7 hobgoblins
  9 jackals
  8 kobolds
  A frilled lizard (D:2)
  A rat (D:1)
133 creatures vanquished.

Vanquished Creatures (others)
  An orc (D:7)
1 creature vanquished.

Grand Total: 134 creatures vanquished

Notes
Turn   | Place    | Note
-------+----------+-------------------------------------------
     0 | D:1      | bearlyready the Gnoll Cinder Acolyte began the quest for
                  | the Orb.
     0 | D:1      | Reached XP level 1. HP: 23/23 MP: 4/4
   130 | D:1      | Reached XP level 2. HP: 26/29 MP: 5/5
   220 | D:1      | Found a faded altar of an unknown god.
   552 | D:2      | Reached XP level 3. HP: 35/35 MP: 7/7
   800 | D:1      | Reached skill level 1 in Invocations
   937 | D:1      | Reached skill level 1 in Short Blades
   937 | D:1      | Reached skill level 1 in Axes
   937 | D:1      | Reached skill level 1 in Maces & Flails
   937 | D:1      | Reached skill level 1 in Polearms
   937 | D:1      | Reached skill level 1 in Staves
   937 | D:1      | Reached skill level 1 in Slings
   937 | D:1      | Reached skill level 1 in Bows
   937 | D:1      | Reached skill level 1 in Crossbows
   937 | D:1      | Reached skill level 1 in Throwing
   937 | D:1      | Reached skill level 1 in Armour
   937 | D:1      | Reached skill level 1 in Dodging
   937 | D:1      | Reached skill level 1 in Stealth
   937 | D:1      | Reached skill level 1 in Shields
   937 | D:1      | Reached skill level 1 in Unarmed Combat
   937 | D:1      | Reached skill level 1 in Evocations
  1135 | D:2      | Reached XP level 4. HP: 36/41 MP: 8/8
  1365 | D:2      | Reached skill level 1 in Conjurations
  1365 | D:2      | Reached skill level 1 in Hexes
  1365 | D:2      | Reached skill level 1 in Summonings
  1365 | D:2      | Reached skill level 1 in Necromancy
  1365 | D:2      | Reached skill level 1 in Translocations
  1365 | D:2      | Reached skill level 1 in Transmutations
  1365 | D:2      | Reached skill level 1 in Ice Magic
  1365 | D:2      | Reached skill level 1 in Air Magic
  1365 | D:2      | Reached skill level 1 in Earth Magic
  1365 | D:2      | Reached skill level 1 in Poison Magic
  1484 | D:2      | Noticed an ogre
  1488 | D:2      | Killed an ogre
  1489 | D:2      | Reached XP level 5. HP: 21/47 MP: 9/9
  2123 | D:3      | Found a shimmering altar of Xom.
  2529 | D:3      | Noticed Grinder
  2546 | D:3      | Reached XP level 6. HP: 33/53 MP: 10/10
  2560 | D:3      | Paralysed by Grinder for 2 turns
  2567 | D:3      | Paralysed by Grinder for 5 turns
  2580 | D:3      | Paralysed by Grinder for 2 turns
  2602 | D:3      | Paralysed by Grinder for 5 turns
  2607 | D:3      | HP: 2/53 [Grinder (3)]
  2623 | D:3      | Killed Grinder
  2624 | D:3      | Reached XP level 7. HP: 15/59 MP: 10/12
  3063 | D:3      | Gained mutation: You sometimes lose the ability to read
                  | scrolls when taking damage. [potion of mutation]
  3063 | D:3      | Gained mutation: You are somewhat resistant to further
                  | mutation. [potion of mutation]
  3305 | D:4      | Found a glowing silver altar of Zin.
  3716 | D:3      | HP: 2/60 [something/puff of flame (2)]
  4077 | D:4      | HP: 3/60 [adder skeleton (2)]
  4832 | D:5      | Entered Level 5 of the Dungeon
  5073 | D:5      | Reached XP level 8. HP: 40/67 MP: 14/14
  5853 | D:5      | Found a staircase to the Ecumenical Temple.
  7351 | D:6      | Reached XP level 9. HP: 44/72 MP: 16/16
  7533 | D:6      | Found a stormy altar of Qazlal.
  7761 | D:6      | Reached skill level 5 in Spellcasting
  8184 | D:6      | Noticed a cyclops
  8195 | D:6      | Noticed a cyclops
  8197 | D:6      | Noticed a green ugly thing
  8338 | D:7      | Noticed Maggie
  8526 | D:6      | Killed a green ugly thing
  8807 | D:6      | Reached skill level 5 in Invocations
  9095 | D:6      | Slain by a cyclops

Illustrated notes

Levels and vault maps discovered:
D:1:      minmay_arrival_plants_in_alcoves, layout_rooms,
          shapermc_ecumenical_altar_mp_highgroup
D:2:      layout_basic
D:3:      layout_basic, led_xom_imps, uniq_grinder
D:4:      layout_basic, overflow_temple_1_default
D:5:      layout_cave_pods, minmay_temple_entry_poolview
D:6:      minmay_chambers_of_sixes, layout_basic, lemuel_doored_altar
D:7:      layout_loops_cross, marbit_many_paths, lemuel_flamethrower_2,
          uniq_maggie, uniq_joseph

Skill      XL: |  1  2  3  4  5  6  7  8  9 |
---------------+----------------------------+-----
Invocations    | 1 2 3 4 5 |  5.0
Short Blades   | 1 2 3 4 |  4.5
Axes           | 1 2 3 4 |  4.5
Maces & Flails | 1 2 3 4 |  4.5
Polearms       | 1 2 3 4 |  4.5
Staves         | 1 2 3 4 |  4.5
Slings         | 1 2 3 4 |  4.5
Bows           | 1 2 3 4 |  4.5
Crossbows      | 1 2 3 4 |  4.5
Throwing       | 1 2 3 4 |  4.5
Armour         | 1 2 3 4 |  4.5
Dodging        | 1 2 3 4 |  4.5
Stealth        | 1 2 3 4 |  4.5
Shields        | 1 2 3 4 |  4.5
Unarmed Combat | 1 2 3 4 |  4.5
Evocations     | 1 2 3 4 |  4.5
Spellcasting   | 3 4 5 |  5.4
Conjurations   | 1 2 3 |  3.7
Hexes          | 1 2 3 |  3.7
Summonings     | 1 2 3 |  3.7
Necromancy     | 1 2 3 |  3.7
Translocations | 1 2 3 |  3.7
Transmutations | 1 2 3 |  3.7
Ice Magic      | 1 2 3 |  3.7
Air Magic      | 1 2 3 |  3.7
Earth Magic    | 1 2 3 |  3.7
Poison Magic   | 1 2 3 |  3.7
Fighting       | 7 8 |  8.0
Long Blades    | 7 8 |  8.0
Fire Magic     | 6 |  6.7

Action                   |  1- 3 |  4- 6 |  7- 9 || total
-------------------------+-------+-------+-------++-------
Melee: Falchion          |    90 |   165 |   403 ||   658
       Bite              |     5 |    10 |    52 ||    67
       Spear             |       |    16 |   177 ||   193
Throw: Dart              |       |     8 |    41 ||    49
       Throwing net      |       |     7 |     6 ||    13
       Boomerang         |       |       |     4 ||     4
  Use: Potion            |       |     4 |     4 ||     8
       Scroll            |       |       |     5 ||     5
 Stab: Distracted        |       |       |     1 ||     1
Armor: Plate armour      |    77 |   199 |   388 ||   664
Dodge: Dodged            |     5 |    16 |    60 ||    81
Block: Kite shield       |    43 |    89 |   337 ||   469

Table legend: (Time is in decaauts)
 A = Elapsed time spent in this place.
 B = Non-inter-level travel time spent in this place.
 C = Inter-level travel time spent in this place.
 D = Time resting spent in this place.
 E = Time spent auto-exploring this place.
 F = Levels seen in this place.
 G = Mean time per level.
                   A        B        C        D        E       F      G
               +--------+--------+--------+--------+--------+-----+--------+
         Total |   9229 |   9089 |    140 |   1739 |   5216 |   7 | 1318.4 |
       Dungeon |   9229 |   9089 |    140 |   1739 |   5216 |   7 | 1318.4 |
               +--------+--------+--------+--------+--------+-----+--------+

Top non-repeatable levels by time:
     D:6: 2221 daAuts
     D:5: 2006 daAuts
     D:3: 1745 daAuts
     D:2: 1102 daAuts
     D:4: 1082 daAuts
     D:1: 1019 daAuts
     D:7: 51 daAuts
